 Dungeon Crawl Stone Soup version 0.22-a0-362-g535178c (webtiles) character file.

4 Amnesiac the Skirmisher (level 1, 0/18 HPs)
             Began as a Mummy Chaos Knight on Apr 19, 2018.
             Slain by a bat (1 damage)
             ... on level 1 of the Dungeon.
             The game lasted 00:00:23 (82 turns).

Amnesiac the Skirmisher (Mummy Chaos Knight)          Turns: 82, Time: 00:00:24

Health: 0/18       AC:  5    Str: 15    XL:     1   Next: 50%
Magic:  1/1        EV: 11    Int: 11    God:    Xom [..*...]
Gold:   0          SH:  0    Dex: 11    Spells: 0/0 levels left

rFire    x . .     SeeInvis .   a - +0 short sword (chaos)
rCold    + . .     Gourm    .   (no shield)
rNeg     + + +     Faith    .   b - +2 leather armour
rPois    ∞         Spirit   .   (no helmet)
rElec    .         Reflect  .   (no cloak)
rCorr    .         Harm     .   (no gloves)
MR       .....                  (no boots)
Stlth    +.........             (no amulet)
HPRegen  0.06/turn              (no ring)
MPRegen  0.07/turn              (no ring)

@: no status effects
A: no food or potions, fire vulnerability, cold resistance 1, negative energy
resistance 3, torment resistance, unbreathing
a: Renounce Religion


You were on level 1 of the Dungeon.
You worshipped Xom.
You were a toy of Xom.
You were not hungry.

You visited 1 branch of the dungeon, and saw 1 of its levels.

Inventory:

Hand Weapons
 a - a +0 short sword of chaos (weapon)
Armour
 b - a +2 leather armour (worn)


   Skills:
 - Level 3.0 Fighting
 + Level 2.7 Short Blades
 - Level 1.5 Armour
 - Level 0.7 Dodging


You couldn't memorise any spells.
You didn't know any spells.

Dungeon Overview and Level Annotations

Branches:
Dungeon (1/15)

Altars:


Innate Abilities, Weirdness & Mutations

You do not eat or drink.
Your flesh is vulnerable to fire.
You are immune to poison.
Your flesh is cold resistant. (rC+)
You are immune to negative energy. (rN+++)
You are immune to unholy pain and torment.
You can survive without breathing.


Message History

You barely miss the kobold.
The kobold is moderately wounded.
The kobold hits you but does no damage.
You hit the kobold. You freeze the kobold.
You kill the kobold!
You hit the ooze but do no damage. The ooze barely misses you.
You barely miss the ooze. The ooze hits you.
* * * LOW HITPOINT WARNING * * *
You hit the ooze.
The ooze flickers and vanishes!
Deactivating autopickup; reactivate with Ctrl-A.
Something hits you but does no damage.
No target in view!
No target in view!
No target in view!
You closely miss something. Something hits you but does no damage.
You see here a stone.
You see here a stone.
A hobgoblin comes into view. It is wielding a club.
The hobgoblin shouts!
Something hits you but does no damage.
Found 14 gold pieces and a ration.
You see here 6 gold pieces.
An ooze comes into view.
You hit something.
Waves of light ripple in the air.
The ooze quivers.
Something hits you.
* * * LOW HITPOINT WARNING * * *
You hit something but do no damage. Something hits you.
* * * LOW HITPOINT WARNING * * *
The ooze hits you but does no damage. The ooze hits you but does no damage.
Found a twisted iron ring.
A bat comes into view.
A hobgoblin comes into view. It is wielding a club.
The hobgoblin shouts!
The bat barely misses you.
A frilled lizard comes into view.
The bat closely misses you.
The frilled lizard moves out of view.
Found 17 arrows.
A frilled lizard comes into view.
The bat misses you.
Found a scroll labeled XUDEAPPEGH.
The frilled lizard hisses angrily.
The bat hits you.
* * * LOW HITPOINT WARNING * * *
The bat hits you but does no damage. The bat hits you but does no damage.
The ooze hits you.
* * * LOW HITPOINT WARNING * * *
The bat barely misses you. The bat misses you.
The bat hits you but does no damage. The bat hits you but does no damage.
You see here 17 arrows.
You hit the bat but do no damage. The bat hits you but does no damage.
Found a fizzy green potion.
The frilled lizard unfolds its giant frill.
Found 8 gold pieces.
The bat hits you but does no damage.
You hit the bat. You freeze the bat.
The bat is heavily wounded.
The bat hits you but does no damage. The bat closely misses you.
The bat hits you but does no damage. The bat barely misses you.
The bat hits you.
You die...

#$...... #....!#######
### ####.......#...##...#
##.....................
..?.#..................
....#..................
......#...l.#..........
.......#.b.###.........
.....#.=@######J..##..
#............##l##
.............##.#
###...........(.#
#..........#### ### ##
#.##.####..# ##...
...#.#..#..%..... ..g#
.....#....##.#### ..#####
.......g####.#####.##....


You could see a bat and a frilled lizard.

Vanquished Creatures
  A goblin (D:1)
  2 frilled lizards (D:1)
  A kobold (D:1)
  A rat (D:1)
5 creatures vanquished.

Notes
Turn   | Place    | Note
-------+----------+-------------------------------------------
     0 | D:1      | Amnesiac the Mummy Chaos Knight began the quest for the Orb.
     0 | D:1      | Reached XP level 1. HP: 18/18 MP: 1/1
    82 | D:1      | Slain by a bat

Vault maps used:
D:1:      lightli_arrival_lavapool

Action                   || total
-------------------------++-------
Melee: Short sword       ||    29
Armor: Leather armour    ||    26
Dodge: Dodged            ||    20

Table legend:
 A = Spawn XP
 B = Non-spawn XP
 C = Spawn XP percentage of total XP
 D = Spawn monster count
 E = Non-spawn monster count
 F = Spawn count percentage of total count
 G = Total turns spent on level
                    A         B        C        D         E        F      G
               +---------+---------+-------+---------+---------+-------+---------
         Total |       0 |       6 |   0.0 |       0 |       5 |   0.0 |    82
               +---------+---------+-------+---------+---------+-------+---------
           D:1 |       0 |       6 |   0.0 |       0 |       5 |   0.0 |    82
               +---------+---------+-------+---------+---------+-------+---------
